TOP OF THE 1ST |
Wisconsin Timber Rattlers batting - Pitching for Kane County Cougars : RHP Chad Toms
|
Pitching: RHP Chad Toms
|
|
Batting: RHB John Freeman
|
0-0: Ball 1-0: Ball 2-0: Ball 3-0: Base on Balls
|
Batting: RHB Matthew Adams
|
0-0: Ball 1-0: Swinging Strike 1-1: Ball 2-1: Called Strike 2-2: Foul Ball, location: 2F 2-2: Foul Ball, location: 2F 2-2: Ball 3-2: Strikes out swinging
|
Batting: LHB Joe Vida
|
0-0: Called Strike 0-1: Ball 1-1: Ball 2-1: Swinging Strike 2-2: Strikes out swinging
|
Batting: RHB Aaron Lind
|
0-0: Ball 1-0: Ball 2-0: Foul Ball, location: 2F 2-1: Ball 3-1: Called Strike 3-2: Ground out 4-3 (Groundball, 4, EV 76.9 MPH)
|
Top of the 1st over - 0 runs, 0 hits, 0 errors, 1 left on base; Wisconsin 0 - Kane County 0 |
BOTTOM OF THE 1ST |
Kane County Cougars batting - Pitching for Wisconsin Timber Rattlers : RHP Elijah Seabrooks
|
Pitching: RHP Elijah Seabrooks
|
|
Batting: LHB Willie Gutierrez
|
0-0: Ball 1-0: Ball 2-0: Ball 3-0: Called Strike 3-1: Base on Balls
|
Batting: RHB Franklin Villanueva
|
0-0: Called Strike Willie Gutierrez steals 2nd base 0-1: Swinging Strike 0-2: Strikes out swinging, 2-3 out at first.
|
Batting: LHB Kevin Ferguson
|
0-0: Foul Ball, location: 2F 0-1: Called Strike Willie Gutierrez steals 3rd base 0-2: Strikes out swinging
|
Batting: RHB Dave Vargas
|
0-0: Called Strike 0-1: Ball 1-1: Called Strike 1-2: SINGLE (Groundball, 6S, EV 68.8 MPH) (infield hit) Willie Gutierrez scores
|
Batting: RHB Marlon Reda
|
0-0: Called Strike 0-1: Called Strike Dave Vargas steals 2nd base (no throw) 0-2: Ball 1-2: Ball 2-2: Ball 3-2: Foul Ball, location: 2F 3-2: Base on Balls
|
Batting: LHB T.J. Duvall
|
0-0: Called Strike 0-1: Called Strike 0-2: Foul Ball, location: 2F 0-2: Foul Ball, location: 2F 0-2: SINGLE (Groundball, 34D, EV 96.9 MPH) Dave Vargas to third Marlon Reda to second
|
Batting: RHB John Pena
|
0-0: Called Strike 0-1: Fielders Choice at 2nd, 5-4 (Groundball, 5, EV 105.0 MPH)
|
Bottom of the 1st over - 1 run, 2 hits, 0 errors, 3 left on base; Wisconsin 0 - Kane County 1 |
TOP OF THE 2ND |
Wisconsin Timber Rattlers batting - Pitching for Kane County Cougars : RHP Chad Toms
|
Batting: RHB Gene Sutton
|
0-0: Fly out, F7 (Line Drive, 7, EV 93.1 MPH)
|
Batting: LHB Andy Sanchez
|
0-0: Ground out 4-3 (Groundball, 4, EV 83.8 MPH)
|
Batting: LHB Aaron Mobley
|
0-0: Ball 1-0: Called Strike 1-1: Ground out 6-3 (Groundball, 56, EV 77.5 MPH)
|
Top of the 2nd over - 0 runs, 0 hits, 0 errors, 0 left on base; Wisconsin 0 - Kane County 1 |
BOTTOM OF THE 2ND |
Kane County Cougars batting - Pitching for Wisconsin Timber Rattlers : RHP Elijah Seabrooks
|
Batting: RHB Curt Barrett
|
0-0: Called Strike 0-1: Swinging Strike 0-2: Ball 1-2: Ball 2-2: Ball 3-2: Foul Ball, location: 2F 3-2: Foul Ball, location: 2F 3-2: Strikes out swinging
|
Batting: LHB Brian Nielsen
|
0-0: Ball 1-0: Called Strike 1-1: Foul Ball, location: 2F 1-2: Strikes out swinging
|
Batting: LHB Willie Gutierrez
|
0-0: Foul Ball, location: 2F 0-1: Called Strike 0-2: Foul Ball, location: 2F 0-2: Ball 1-2: Ground out 4-3 (Groundball, 4, EV 106.9 MPH)
|
Bottom of the 2nd over - 0 runs, 0 hits, 0 errors, 0 left on base; Wisconsin 0 - Kane County 1 |
TOP OF THE 3RD |
Wisconsin Timber Rattlers batting - Pitching for Kane County Cougars : RHP Chad Toms
|
Batting: RHB Rafael Medina
|
0-0: Ball 1-0: Swinging Strike 1-1: Called Strike 1-2: Strikes out swinging
|
Batting: RHB Jeff Cornett
|
0-0: Foul Ball, location: 2F 0-1: Ball 1-1: Ball 2-1: Ball 3-1: Base on Balls
|
Batting: RHB John Freeman
|
0-0: Called Strike 0-1: Ball 1-1: Ball 2-1: Ball 3-1: Called Strike 3-2: Foul Ball, location: 2F 3-2: Fly out, F9 (Flyball, 9S, EV 90.0 MPH)
|
Batting: RHB Matthew Adams
|
0-0: Fly out, F7 (Flyball, 78D, EV 103.8 MPH)
|
Top of the 3rd over - 0 runs, 0 hits, 0 errors, 1 left on base; Wisconsin 0 - Kane County 1 |
BOTTOM OF THE 3RD |
Kane County Cougars batting - Pitching for Wisconsin Timber Rattlers : RHP Elijah Seabrooks
|
Batting: RHB Franklin Villanueva
|
0-0: Called Strike 0-1: Foul Ball, location: 2F 0-2: Ball 1-2: Ball 2-2: Strikes out swinging
|
Batting: LHB Kevin Ferguson
|
0-0: Called Strike 0-1: Swinging Strike 0-2: Ball 1-2: Foul Ball, location: 2F 1-2: Foul Ball, location: 2F 1-2: Foul Ball, location: 2F 1-2: Ball 2-2: Ball 3-2: Foul Ball, location: 2F 3-2: SINGLE (Groundball, 56D, EV 106.9 MPH)
|
Batting: RHB Dave Vargas
|
0-0: Called Strike 0-1: Ball 1-1: Ball 2-1: Foul Ball, location: 2F 2-2: Strikes out swinging
|
Batting: RHB Marlon Reda
|
0-0: Ball Kevin Ferguson is caught stealing 2nd base 2-4
|
Bottom of the 3rd over - 0 runs, 1 hit, 0 errors, 0 left on base; Wisconsin 0 - Kane County 1 |
TOP OF THE 4TH |
Wisconsin Timber Rattlers batting - Pitching for Kane County Cougars : RHP Chad Toms
|
Batting: LHB Joe Vida
|
0-0: Ball 1-0: Ball 2-0: Called Strike 2-1: Ground out 4-3 (Groundball, 4, EV 104.4 MPH)
|
Batting: RHB Aaron Lind
|
0-0: Foul Ball, location: 2F 0-1: Ball 1-1: Foul Ball, location: 2F 1-2: Foul Ball, location: 2F 1-2: Strikes out looking
|
Batting: RHB Gene Sutton
|
0-0: Ball 1-0: Ball 2-0: Fly out, F8 (Flyball, 8RS, EV 94.4 MPH)
|
Top of the 4th over - 0 runs, 0 hits, 0 errors, 0 left on base; Wisconsin 0 - Kane County 1 |
BOTTOM OF THE 4TH |
Kane County Cougars batting - Pitching for Wisconsin Timber Rattlers : RHP Elijah Seabrooks
|
Batting: RHB Marlon Reda
|
0-0: Called Strike 0-1: Ball 1-1: Foul Ball, location: 2F 1-2: Foul Ball, location: 2F 1-2: Reached on error, E6 (Groundball, 6, EV 85.0 MPH)
|
Batting: LHB T.J. Duvall
|
0-0: Ball 1-0: Foul Ball, location: 2F 1-1: Swinging Strike 1-2: Strikes out looking
|
Batting: RHB John Pena
|
0-0: Ball 1-0: Ball 2-0: Called Strike 2-1: Called Strike 2-2: Strikes out swinging
|
Batting: RHB Curt Barrett
|
0-0: Ground out U3 (Groundball, 34, EV 81.3 MPH)
|
Bottom of the 4th over - 0 runs, 0 hits, 1 error, 1 left on base; Wisconsin 0 - Kane County 1 |
TOP OF THE 5TH |
Wisconsin Timber Rattlers batting - Pitching for Kane County Cougars : RHP Chad Toms
|
Batting: LHB Andy Sanchez
|
0-0: Fly out, F2 (Popup, 2L, EV 93.8 MPH)
|
Batting: LHB Aaron Mobley
|
0-0: Ground out 6-3 (Groundball, 6, EV 82.5 MPH)
|
Batting: RHB Rafael Medina
|
0-0: Foul Ball, location: 2F 0-1: Ball 1-1: Ground out 5-3 (Groundball, 56, EV 100.6 MPH)
|
Top of the 5th over - 0 runs, 0 hits, 0 errors, 0 left on base; Wisconsin 0 - Kane County 1 |
BOTTOM OF THE 5TH |
Kane County Cougars batting - Pitching for Wisconsin Timber Rattlers : RHP Elijah Seabrooks
|
Pitching: LHP Tom Barone
|
|
Batting: LHB Brian Nielsen
|
0-0: Called Strike 0-1: Ball 1-1: Swinging Strike 1-2: Strikes out swinging
|
Batting: LHB Willie Gutierrez
|
0-0: Ball 1-0: Fly out, F7 (Flyball, 7D, EV 88.8 MPH)
|
Batting: RHB Franklin Villanueva
|
0-0: Ball 1-0: SINGLE (Groundball, 6MD, EV 108.8 MPH)
|
Batting: LHB Kevin Ferguson
|
0-0: Ball Franklin Villanueva steals 2nd base 1-0: Ball 2-0: Ball 3-0: SINGLE (Groundball, 56S, EV 68.1 MPH) (infield hit) Franklin Villanueva to third
|
Batting: RHB Dave Vargas
|
0-0: Foul Ball, location: 2F 0-1: Ball 1-1: Ball 2-1: Fielders Choice at 2nd, 6-4 (Groundball, 6, EV 86.3 MPH)
|
Bottom of the 5th over - 0 runs, 2 hits, 0 errors, 2 left on base; Wisconsin 0 - Kane County 1 |
TOP OF THE 6TH |
Wisconsin Timber Rattlers batting - Pitching for Kane County Cougars : RHP Chad Toms
|
Batting: RHB Jeff Cornett
|
0-0: Ball 1-0: SINGLE (Line Drive, 3D, EV 98.1 MPH)
|
Batting: RHB John Freeman
|
0-0: Ball 1-0: Swinging Strike 1-1: Swinging Strike 1-2: Foul Ball, location: 2F 1-2: Ball 2-2: Strikes out swinging
|
Batting: RHB Matthew Adams
|
0-0: Called Strike Jeff Cornett steals 2nd base 0-1: Ball 1-1: Ball 2-1: Swinging Strike 2-2: SINGLE (Flyball, 89M, EV 91.9 MPH) Jeff Cornett to third
|
Batting: LHB Joe Vida
|
0-0: Ball 1-0: Ball 2-0: Swinging Strike 2-1: Swinging Strike 2-2: Strikes out swinging
|
Batting: RHB Aaron Lind
|
0-0: Foul Ball, location: 2F 0-1: Ball 1-1: Ball 2-1: Foul Ball, location: 2F 2-2: Foul Ball, location: 2F 2-2: Strikes out looking
|
Top of the 6th over - 0 runs, 2 hits, 0 errors, 2 left on base; Wisconsin 0 - Kane County 1 |
BOTTOM OF THE 6TH |
Kane County Cougars batting - Pitching for Wisconsin Timber Rattlers : LHP Tom Barone
|
Batting: RHB Marlon Reda
|
0-0: Foul Ball, location: 2F 0-1: Ball 1-1: Fly out, F2 (Popup, 23F, EV 81.3 MPH)
|
Batting: LHB T.J. Duvall
|
0-0: Ball 1-0: Foul Ball, location: 2F 1-1: Called Strike 1-2: Ball 2-2: Ball 3-2: Strikes out looking
|
Batting: RHB John Pena
|
0-0: Called Strike 0-1: Ground out 6-3 (Groundball, 6S, EV 63.8 MPH)
|
Bottom of the 6th over - 0 runs, 0 hits, 0 errors, 0 left on base; Wisconsin 0 - Kane County 1 |
TOP OF THE 7TH |
Wisconsin Timber Rattlers batting - Pitching for Kane County Cougars : RHP Chad Toms
|
Batting: RHB Gene Sutton
|
0-0: Ground out 5-3 (Groundball, 56D, EV 107.5 MPH)
|
Batting: LHB Andy Sanchez
|
0-0: Ground out 1-3 (Groundball, P, EV 73.1 MPH)
|
Batting: LHB Aaron Mobley
|
0-0: Ball 1-0: Called Strike 1-1: Foul Ball, location: 2F 1-2: Ball 2-2: Strikes out swinging
|
Top of the 7th over - 0 runs, 0 hits, 0 errors, 0 left on base; Wisconsin 0 - Kane County 1 |
BOTTOM OF THE 7TH |
Kane County Cougars batting - Pitching for Wisconsin Timber Rattlers : LHP Tom Barone
|
Pitching: RHP Jason Ukena
|
|
Batting: RHB Curt Barrett
|
0-0: Called Strike 0-1: DOUBLE (Line Drive, 7LM, EV 90.6 MPH)
|
Batting: LHB Brian Nielsen
|
0-0: Called Strike 0-1: Swinging Strike 0-2: Ball 1-2: Strikes out swinging
|
Batting: LHB Willie Gutierrez
|
0-0: Called Strike 0-1: Ball 1-1: Foul Ball, location: 2F 1-2: Ball 2-2: Ball 3-2: Base on Balls
|
Batting: RHB Franklin Villanueva
|
0-0: Ball 1-0: Foul Ball, location: 2F 1-1: Foul Ball, location: 2F 1-2: Foul Ball, location: 2F 1-2: Strikes out swinging
|
Batting: LHB Kevin Ferguson
|
0-0: Called Strike 0-1: Ball 1-1: Ball 2-1: DOUBLE (Flyball, 89D, EV 93.8 MPH) Curt Barrett scores Willie Gutierrez to third
|
Batting: RHB Dave Vargas
|
0-0: Ball 1-0: Ball 2-0: Ball 3-0: Base on Balls
|
Batting: RHB Marlon Reda
|
0-0: Ball 1-0: Ball 2-0: SINGLE (Groundball, 34D, EV 95.0 MPH) Willie Gutierrez scores Kevin Ferguson to third Dave Vargas to second Runner from 3rd tries for Home, SAFE, throw by RF to home Dave Vargas to third Marlon Reda to second
|
Pitching: RHP Brian Harper
|
|
Batting: LHB T.J. Duvall
|
0-0: Called Strike 0-1: Foul Ball, location: 2F 0-2: Ball Passed Ball! Dave Vargas scores Marlon Reda to third 1-2: Strikes out swinging
|
Bottom of the 7th over - 4 runs, 3 hits, 0 errors, 1 left on base; Wisconsin 0 - Kane County 5 |
TOP OF THE 8TH |
Wisconsin Timber Rattlers batting - Pitching for Kane County Cougars : RHP Chad Toms
|
Batting: RHB Rafael Medina
|
0-0: Ball 1-0: Swinging Strike 1-1: Foul Ball, location: 2F 1-2: Foul Ball, location: 2F 1-2: SINGLE (Groundball, 6MD, EV 108.8 MPH)
|
Batting: RHB Jeff Cornett
|
0-0: Grounds into double play, 4-6-3 (Groundball, 4, EV 106.9 MPH)
|
Batting: RHB John Freeman
|
0-0: Ball 1-0: DOUBLE (Line Drive, 89M, EV 104.4 MPH)
|
Batting: RHB Matthew Adams
|
0-0: Ball 1-0: Called Strike 1-1: Fly out, F4 (Popup, 13, EV 85.6 MPH)
|
Top of the 8th over - 0 runs, 2 hits, 0 errors, 1 left on base; Wisconsin 0 - Kane County 5 |
BOTTOM OF THE 8TH |
Kane County Cougars batting - Pitching for Wisconsin Timber Rattlers : RHP Brian Harper
|
Batting: RHB John Pena
|
0-0: Ball 1-0: Ball 2-0: Ball 3-0: Base on Balls
|
Batting: RHB Curt Barrett
|
0-0: Called Strike Balk! John Pena to second 0-1: SINGLE (Line Drive, 89M, EV 105.6 MPH) John Pena to third
|
Batting: LHB Brian Nielsen
|
0-0: Called Strike 0-1: Ball 1-1: Foul Ball, location: 2F 1-2: Strikes out swinging
|
Batting: LHB Willie Gutierrez
|
0-0: Fielders Choice at 2nd, 4-6 (Groundball, 4M, EV 78.8 MPH) John Pena scores
|
Batting: RHB Franklin Villanueva
|
0-0: Ball Willie Gutierrez steals 2nd base 1-0: Foul Ball, location: 2F 1-1: Foul Ball, location: 2F 1-2: Ball 2-2: Foul Ball, location: 2F 2-2: Foul Ball, location: 2F 2-2: Ball 3-2: SINGLE (Groundball, 6MD, EV 105.6 MPH) Willie Gutierrez to third Runner from 3rd tries for Home, SAFE, throw by CF to home
|
Batting: LHB Kevin Ferguson
|
0-0: Ball 1-0: Foul Ball, location: 2F 1-1: Ground out 6-3 (Groundball, 56, EV 108.8 MPH)
|
Bottom of the 8th over - 2 runs, 2 hits, 0 errors, 1 left on base; Wisconsin 0 - Kane County 7 |
TOP OF THE 9TH |
Wisconsin Timber Rattlers batting - Pitching for Kane County Cougars : RHP Chad Toms
|
Batting: LHB Joe Vida
|
0-0: Ball 1-0: Called Strike 1-1: Ground out 6-3 (Groundball, 56, EV 81.9 MPH)
|
Batting: RHB Aaron Lind
|
0-0: Called Strike 0-1: Ball 1-1: Called Strike 1-2: Foul Ball, location: 2F 1-2: SINGLE (Groundball, 6MD, EV 104.4 MPH)
|
Batting: RHB Gene Sutton
|
0-0: Ball 1-0: Fielders Choice at 2nd, 5-4 (Groundball, 56, EV 81.3 MPH)
|
Pitching: RHP Andy Jensen
|
|
Batting: LHB Andy Sanchez
|
0-0: Swinging Strike 0-1: Swinging Strike 0-2: Fly out, F5 (Popup, 6S, EV 81.9 MPH)
|
Top of the 9th over - 0 runs, 1 hit, 0 errors, 1 left on base; Wisconsin 0 - Kane County 7 |
|